 Dungeon Sprint DCSS version 0.27-a0-1456-gf5a116941d (webtiles) character file.

Game seed: 1928962516303586123

21 mhtbhm the Skirmisher (level 2, -1/29 HPs)
             Began as a Hill Orc Fighter on July 5, 2021.
             Was a Believer of Beogh.
             Slain by a gnoll (10 damage)
             ... in the Dungeon (Sprint VII: "The Pits").
             The game lasted 00:00:33 (191 turns).

mhtbhm the Skirmisher (Hill Orc Fighter)             Turns: 191, Time: 00:00:34

Health: -1/29      AC:  7    Str: 18    XL:     2   Next: 87%
Magic:  2/2        EV:  7    Int:  8    God:    Beogh [**....]
Gold:   0          SH:  9    Dex: 10    Spells: 1/1 levels left

rFire    . . .     SeeInvis .   a - +2 hand axe
rCold    . . .     Faith    .   c - +0 kite shield
rNeg     . . .     Spirit   .   b - +0 scale mail
rPois    .         Reflect  .   (no helmet)
rElec    .         Harm     .   (no cloak)
rCorr    .         Rampage  .   (no gloves)
Will     .....     NoTele   +   (no boots)
Stlth    ..........             (no amulet)
HPRegen  0.09/turn              (no ring)
MPRegen  0.08/turn              (no ring)

@: no status effects
A: no striking features
a: Renounce Religion, Smiting


You were in the Dungeon.
You worshipped Beogh.
Beogh was pleased with you.
You visited 1 branch

Inventory:

Hand Weapons
 a - a +2 hand axe (weapon)
Armour
 b - a +0 scale mail (worn)
 c - a +0 kite shield (worn)
Scrolls
 j - a scroll of blinking
 l - 5 scrolls of amnesia
 m - a scroll of summoning
Potions
 d - a potion of might
 e - a potion of curing
 f - a potion of heal wounds
 g - a potion of haste
 h - 4 potions of magic
 i - 3 potions of berserk rage
 k - 2 potions of invisibility


   Skills:
 + Level 5.1 Fighting
 + Level 3.7 Axes
 + Level 4.5 Armour
 + Level 4.5 Shields


You had one spell level left.
You didn't know any spells.
Your spell library was empty.

Dungeon Overview and Level Annotations

Branches:
Dungeon (1/1)

Altars:
Ashenzari
Cheibriados
Dithmenos
Elyvilon
Fedhas
Gozag
Hepliaklqana
Kikubaaqudgha
Makhleb
Nemelex Xobeh
Okawaru
Qazlal
Ru
Sif Muna
Trog
Uskayaw
Vehumet
Wu Jian
Xom
Yredelemnul
Zin
The Shining One
Beogh
Jiyva
Lugonu


Message History

There is an open door here.
You see here a hobgoblin corpse.
You start resting.
HP restored.
Unknown command.
You open the door.
A gnoll and a gnoll sergeant come into view.
The gnoll sergeant shouts!
The gnoll shouts!
You hear an angry hiss.
You hear a shout!
A ball python comes into view.
An endoplasm comes into view.
Unknown command.
The gnoll hits you with a +0 flail.
There is an open door here.
You see here a hobgoblin corpse.
You barely miss the gnoll. You block the gnoll's attack.
A bat zombie comes into view.
Your shield and scale mail prevent you from hitting the gnoll.
The gnoll closely misses you.
You hit the gnoll sergeant but do no damage.
You hit the gnoll sergeant but do no damage.
You hit the ball python.
You kill the ball python!
Beogh accepts your kill.
You can now smite your foes.
The bat zombie hits you but does no damage.
You block the bat zombie's attack.
The gnoll sergeant hits you with a +0 spear.
The endoplasm quivers.
You hit the gnoll sergeant but do no damage.
You barely miss the gnoll.
You block the gnoll sergeant's attack. x2
The gnoll barely misses you.
You hit the gnoll sergeant but do no damage.
You hit the gnoll.
The gnoll sergeant hits you with a +0 spear!
The gnoll hits you but does no damage.
Unknown command.
You hit the gnoll sergeant but do no damage.
You hit the gnoll.
The gnoll sergeant hits you with a +0 spear!
The gnoll hits you with a +0 flail!
You die...

#_________.#
#_______...###########
##########'##.........
#.?(.')))'.##......#..
##########.##.........
#..........)'.........
#+#####'#####......#..
#..#†)#..##.........
#.g@..)..#####'#####
##g####+###.......#
#.JZ #.......# #...J
#.......# #####+
#...<...# #.......#
#.......# #.......#
#########


You could see a gnoll sergeant, a gnoll and an endoplasm.

Vanquished Creatures
  A gnoll (D)
  An ufetubus (D)
  An orc (D)
  A hobgoblin (D)
  A ball python (D)
  A bat (D)
  A kobold (D)
7 creatures vanquished.

Notes
Turn   | Place    | Note
-------+----------+-------------------------------------------
     0 | D        | mhtbhm the Hill Orc Fighter began the quest for the Orb.
     0 | D        | Reached XP level 1. HP: 19/19 MP: 1/1
    18 | D        | Reached skill level 4 in Fighting
    22 | D        | Found a bloodstained altar of Trog.
    22 | D        | Found a shimmering blue altar of Sif Muna.
    22 | D        | Found a viscous altar of Jiyva.
    22 | D        | Found a hazy altar of Hepliaklqana.
    22 | D        | Found an opulent altar of Gozag.
    23 | D        | Found a glowing golden altar of the Shining One.
    23 | D        | Found a glowing silver altar of Zin.
    23 | D        | Found a basalt altar of Yredelemnul.
    23 | D        | Found a shimmering altar of Xom.
    23 | D        | Found an ornate altar of the Wu Jian Council.
    23 | D        | Found a sacrificial altar of Ru.
    23 | D        | Found a stormy altar of Qazlal.
    23 | D        | Found an iron altar of Okawaru.
    23 | D        | Found a sparkling altar of Nemelex Xobeh.
    23 | D        | Found a burning altar of Makhleb.
    23 | D        | Found a blossoming altar of Fedhas.
    23 | D        | Found a white marble altar of Elyvilon.
    23 | D        | Found a shadowy altar of Dithmenos.
    23 | D        | Found a snail-covered altar of Cheibriados.
    25 | D        | Found a radiant altar of Vehumet.
    25 | D        | Found a corrupted altar of Lugonu.
    25 | D        | Found a roughly hewn altar of Beogh.
    26 | D        | Found a hide-covered altar of Uskayaw.
    26 | D        | Found an ancient bone altar of Kikubaaqudgha.
    26 | D        | Found a broken altar of Ashenzari.
    35 | D        | Became a worshipper of Beogh the Brigand
    91 | D        | Reached XP level 2. HP: 21/28 MP: 2/2
    93 | D        | Reached * piety under Beogh
    94 | D        | Reached skill level 5 in Fighting
   183 | D        | Noticed a gnoll sergeant
   188 | D        | Reached ** piety under Beogh
   191 | D        | Slain by a gnoll

Illustrated notes

Levels and vault maps discovered:
D:        pitsprint [storerooms_1, entrance_room_1, metal_vault_1, armoury_2,
          mini_pit_1, grid_room_1, main_hall_1, silver_pit, the_coven_2,
          the_vestibule_1, steel_vault_1, golden_pit, hallway_of_sentries,
          crystal_vault_4, iron_vault_2, final_vault]

Skill      XL: |  1  2 |
---------------+-------+-----
Fighting       | 4 5 |  5.1
Axes           | 3 |  3.7
Armour         | 4 |  4.5
Shields        | 4 |  4.5

Action                   || total
-------------------------++-------
Melee: Hand axe          ||    22
       War axe           ||     1
Armor: Scale mail        ||     9
Dodge: Dodged            ||     8
Block: Kite shield       ||    14

Table legend: (Time is in decaauts)
 A = Elapsed time spent in this place.
 B = Non-inter-level travel time spent in this place.
 C = Inter-level travel time spent in this place.
 D = Time resting spent in this place.
 E = Time spent auto-exploring this place.
 F = Levels seen in this place.
 G = Mean time per level.
                   A        B        C        D        E       F      G
               +--------+--------+--------+--------+--------+-----+--------+
         Total |    198 |    198 |      0 |     73 |      0 |   1 |  198.0 |
       Dungeon |    198 |    198 |      0 |     73 |      0 |   1 |  198.0 |
               +--------+--------+--------+--------+--------+-----+--------+

Top non-repeatable levels by time:
       D: 198 daAuts
